 Dungeon Crawl Stone Soup version 0.26-a0-712-ga5a9c9c9d0 (webtiles) character file.

Game seed: 9466801266715798490

1293 kae the Insei (level 8, 0/48 HPs)
             Began as an Octopode Transmuter on Nov 10, 2020.
             Was a Follower of Hepliaklqana.
             Splashed by a jelly's acid (5 damage)
             ... on level 7 of the Dungeon.
             The game lasted 00:04:04 (7939 turns).

kae the Insei (Octopode Transmuter)                 Turns: 7939, Time: 00:04:05

Health: 0/48       AC: -11   Str: 11    XL:     8   Next: 56%
Magic:  12/12      EV: 15    Int: 15    God:    Hepliaklqana [*.....]
Gold:   356        SH:  0    Dex: 13    Spells: 9/13 levels left

rFire    + . .     SeeInvis .     - Unarmed
rCold    . . .     Faith    .   (no shield)
rNeg     . . .     Spirit   .   (helmet currently unavailable)
rPois    .         Reflect  .   (no amulet)
rElec    .         Harm     .   l - +4 ring of protection
rCorr    .         Rampage  .   e - ring of protection from fire
MR       .....                  (no ring)
Stlth    +++.......             (no ring)
HPRegen  0.16/turn              (no ring)
MPRegen  0.13/turn              (no ring)
                                (no ring)
                                (no ring)

@: appendages, corroded
A: almost no armour, stealthy swim, amphibious, 8 rings, constrict 8, reduced
essence, tentacle spike 3, camouflage 1, gelatinous body 1
a: End Transformation, Recall Ancestor, Ancestor Identity, Renounce Religion


You were on level 7 of the Dungeon.
You worshipped Hepliaklqana.
Hepliaklqana was aware of your devotion.
One of your tentacles had a temporary spike.
You visited 2 branches of the dungeon, and saw 8 of its levels.

You collected 356 gold pieces.

Inventory:

Jewellery
 e - a ring of protection from fire (right tentacle)
 l - a +4 ring of protection (left tentacle)
Wands
 u - a wand of digging (3)
Scrolls
 a - a scroll of amnesia
 b - a scroll of enchant armour
 c - 2 scrolls of teleportation
 d - 2 scrolls of fog
 f - 3 scrolls of remove curse
 k - 3 scrolls of immolation
Potions
 g - 2 potions of resistance
 h - 4 potions of curing
 i - 3 potions of heal wounds
 m - a potion of brilliance
 n - a potion of haste
 o - a potion of flight
 p - a potion of ambrosia
 q - 2 potions of invisibility
 r - 2 potions of magic
 s - a potion of degeneration
 t - 2 potions of might


   Skills:
 + Level 3.7 Fighting
 + Level 4.1 Dodging
 - Level 4.0 Stealth
 * Level 6.2 Unarmed Combat
 - Level 3.0 Spellcasting
 * Level 5.7 Transmutations


You had 9 spell levels left.
You knew the following spells:

 Your Spells              Type           Power        Failure   Level
a - Beastly Appendage     Tmut           ###...       1%          1
b - Spider Form           Tmut/Pois      ##........   19%         3

Your spell library contained the following spells:

 Spells                   Type           Power        Failure   Level
 Wereblood                Tmut           ###.....     3%          2
 Corona                   Hex            #......      21%         1
 Ensorcelled Hibernation  Hex/Ice        #.....       30%         2
 Blade Hands              Tmut           ###.......   47%         5
 Confusing Touch          Hex            #.......     52%         3
 Dazzling Flash           Conj/Hex       #.....       52%         3
 Tukima's Dance           Hex            #.......     52%         3
 Ice Form                 Ice/Tmut       ##......     52%         4


Dungeon Overview and Level Annotations

Branches:
Dungeon (7/15)             Temple (1/1) D:5

Altars:
Ashenzari
Cheibriados
Dithmenos
Fedhas
Gozag
Hepliaklqana
Makhleb
Nemelex Xobeh
Okawaru
Qazlal
Ru
Sif Muna
Xom
Yredelemnul
The Shining One


Innate Abilities, Weirdness & Mutations

You cannot wear most types of armour.
You are very stealthy in the water. (Stealth+)
You are amphibious.
You can wear up to eight rings at the same time.
You can use your tentacles to constrict eight enemies at once.
Your skin changes colour to match your surroundings (Stealth+).
Your rubbery body absorbs attacks. (AC +1, EV +1)
Your life essence is reduced to manifest your ancestor. (-10% HP)
One of your tentacles bears a large vicious spike.


Message History

The jelly is almost dead.
The jelly closely misses you.
You tentacle-slap the jelly but do no damage.
The acid corrodes you!
Your tentacles burn!
You pierce the jelly, but do no damage.
The jelly is almost dead.
The jelly misses you.
You tentacle-slap the jelly. The acid corrodes you!
Your tentacles burn!
You pierce the jelly, but do no damage.
You squeeze the jelly, but do no damage.
The jelly is almost dead.
The jelly hits you.
You are splashed with acid!
* * * LOW HITPOINT WARNING * * *
You tentacle-slap the jelly but do no damage.
Your tentacles burn!
* * * LOW HITPOINT WARNING * * *
The jelly is almost dead.
You tentacle-slap the jelly but do no damage.
Your tentacles burn!
You die...

#.....# ......#
## #.?... . #....
#.#... #.#.. .
#..J# .... ##@###
..... #####....#
......##.....#.##
......#..####..#
......#.## #.##
........###...#
............###
.........####
##......>...#


You could see a jelly.

Vanquished Creatures
  Sigmund (D:2)
  A sky beast (D:5)
  A phantom (D:6)
  A big kobold (D:7)
  3 bullfrogs
  A bullfrog skeleton (D:5)
  A hound (D:4)
  4 orc wizards
  An orc priest (D:5)
  A centaur skeleton (D:5)
  2 iguanas
  6 worker ants
  A hound skeleton (D:5)
  A worker ant zombie (D:6)
  9 adders
  A howler monkey skeleton (D:4)
  A shadow imp (D:7)
  2 white imps (D:5)
  An ufetubus (D:4)
  2 adder skeletons
  An adder zombie (D:5)
  2 worms
  A dart slug (D:2)
  2 leopard geckos
  9 orcs
  A ball python (D:3)
  12 bats
  18 giant cockroaches
  5 goblins
  4 hobgoblins
  3 jackals (D:1)
  A quokka (D:6)
  A frilled lizard (D:2)
  9 kobolds
  7 rats
117 creatures vanquished.

Notes
Turn   | Place    | Note
-------+----------+-------------------------------------------
     0 | D:1      | kae the Octopode Transmuter began the quest for the Orb.
     0 | D:1      | Reached XP level 1. HP: 13/13 MP: 3/3
   286 | D:1      | Reached XP level 2. HP: 18/18 MP: 5/5
   294 | D:1      | Reached skill level 1 in Stealth
  1198 | D:2      | Reached XP level 3. HP: 16/23 MP: 4/6
  1895 | D:2      | Reached XP level 4. HP: 28/28 MP: 7/7
  1900 | D:2      | Noticed Sigmund
  2320 | D:2      | Learned a level 3 spell: Spider Form
  2375 | D:2      | Killed Sigmund
  2375 | D:2      | Reached skill level 4 in Unarmed Combat
  2375 | D:2      | Reached XP level 5. HP: 22/34 MP: 0/8
  2610 | D:2      | Reached XP level 6. HP: 39/39 MP: 9/9
  3308 | D:3      | Found a shimmering altar of Xom.
  4309 | D:4      | Reached XP level 7. HP: 35/45 MP: 11/11
  5014 | D:5      | Entered Level 5 of the Dungeon
  5027 | D:5      | Reached skill level 5 in Unarmed Combat
  6090 | D:5      | Found a staircase to the Ecumenical Temple.
  6115 | Temple   | Entered the Ecumenical Temple
  6207 | Temple   | Became a worshipper of Hepliaklqana the Forgotten
  6407 | D:5      | Reached skill level 5 in Transmutations
  6407 | D:5      | Reached XP level 8. HP: 27/46 MP: 12/12
  6777 | D:5      | Found a shimmering blue altar of Sif Muna.
  7079 | D:6      | Found a snail-covered altar of Cheibriados.
  7119 | D:6      | Reached skill level 6 in Unarmed Combat
  7276 | D:6      | Reached * piety under Hepliaklqana
  7939 | D:7      | Splashed by a jelly's acid

Illustrated notes

Levels and vault maps discovered:
D:1:      minmay_arrival_split_and_join, layout_loops_ring,
          chequers_serial_rivers_micro_c
D:2:      minmay_roachtagon, layout_rooms, uniq_sigmund
D:3:      layout_loops_ring, marbit_many_paths
D:4:      layout_loops_corners
D:5:      layout_loops_corners, lemuel_blue_sif_altar,
          minmay_temple_entry_junction
D:6:      layout_basic, lemuel_doored_altar
D:7:      kennysheep_orc_sif_temple, layout_rooms, overflow_temple_1_default,
          serial_shops, shop_fountains
Temple:   nicolae_temple_hex_pool

Skill      XL: |  1  2  3  4  5  6  7  8 |
---------------+-------------------------+-----
Stealth        | 1 2 3 4 |  4.0
Unarmed Combat | 4 5 6 |  6.2
Transmutations | 3 5 |  5.7
Fighting       | 2 3 |  3.7
Dodging        | 3 4 |  4.1
Spellcasting   | 3 |  3.0

Action                   |  1- 3 |  4- 6 |  7- 9 || total
-------------------------+-------+-------+-------++-------
Melee: Unarmed           |   102 |    80 |   165 ||   347
       Constrict         |    28 |    20 |    28 ||    76
       Kick              |    15 |    16 |    35 ||    66
       Tentacles         |    15 |    13 |    25 ||    53
       Punch             |     1 |     2 |     7 ||    10
 Cast: Beastly Appendage |    14 |    13 |    23 ||    50
       Spider Form       |       |       |     1 ||     1
  Use: Scroll            |     7 |     1 |    15 ||    23
       Potion            |       |     2 |       ||     2
 Stab: Sleeping          |     9 |    12 |     8 ||    29
Armor: Skin              |    20 |     7 |    13 ||    40
Dodge: Dodged            |    83 |    46 |    85 ||   214

Table legend: (Time is in decaauts)
 A = Elapsed time spent in this place.
 B = Non-inter-level travel time spent in this place.
 C = Inter-level travel time spent in this place.
 D = Time resting spent in this place.
 E = Time spent auto-exploring this place.
 F = Levels seen in this place.
 G = Mean time per level.
                   A        B        C        D        E       F      G
               +--------+--------+--------+--------+--------+-----+--------+
         Total |   7890 |   7754 |    136 |    746 |   6101 |   8 |  986.2 |
       Dungeon |   7785 |   7662 |    123 |    746 |   6015 |   7 | 1112.1 |
        Temple |    105 |     92 |     13 |      0 |     86 |   1 |  105.0 |
               +--------+--------+--------+--------+--------+-----+--------+

Top non-repeatable levels by time:
     D:5: 1722 daAuts
     D:2: 1521 daAuts
     D:4: 1458 daAuts
     D:1: 1183 daAuts
     D:6: 975 daAuts
     D:3: 818 daAuts
     D:7: 106 daAuts
  Temple: 105 daAuts
